AoeStats
← 150490644@

Arabia

508495171Analyzed
1v1 RM · 9d ago on Sep 22, 2026· 44m 44s· 2 players
Game mode
Random Map
Map size
Tiny (2 player)
Population
200
Speed
Normal
Resources
Standard
Victory
Conquest
Starting age
Dark Age
Ending age
Imperial Age
RankedLock teamsTeams togetherTeam positionsShared explorationLock speedFull tech treeHidden civsTurbo modeCheats
Victory
Defeat
🇮🇹 Random · Italy
936
+16
🇺🇸 Byzantines · United States
932
-16
boobers420
10:49 Loom
13:13 Feudal Age
14:46 Double-Bit Axe
15:14 Horse Collar
19:46 Castle Age
18:13 Fletching
20:39 Bodkin Arrow
20:06 Crossbowman
21:39 Gold Mining
22:03 Padded Archer Armor
23:39 Ballistics
27:37 Scale Barding Armor
27:43 Forging
34:52 Chain Barding Armor
150490644@
6:50 Loom
9:26 Feudal Age
9:56 Double-Bit Axe
20:10 Castle Age
19:02 Horse Collar
20:50 Wheelbarrow
20:35 Gold Mining
21:24 Bow Saw
21:47 Scale Barding Armor
21:53 Forging
21:46 Husbandry
22:50 Chain Barding Armor
23:15 Heavy Plow
25:46 Iron Casting
26:42 Hand Cart
28:22 Stone Mining
31:39 Town Watch
38:21 Vendel Legacy
44:35 Imperial Age
42:31 Fletching
42:42 Padded Archer Armor
44:41 Gothikon
Connection lost

Rejoining the realm…

Still unreachable

The connection could not be restored.

Session expired

The server has moved on; the page needs a fresh start.